 Dungeon Crawl Stone Soup version 0.18.1-50-g88ac8fd (webtiles) character file.

121 grisgris the Covered (level 5, -7/33 HPs)
             Began as a Gargoyle Fighter on Oct 25, 2016.
             Killed by divine providence
             ... invoked by an orc priest
              (16 damage)
             ... on level 4 of the Dungeon.
             The game lasted 00:05:10 (1813 turns).

grisgris the Covered (Gargoyle Fighter)             Turns: 1813, Time: 00:05:11

Health: -7/33      AC: 12    Str: 31    XL:     5   Next: 5%
Magic:  5/5        EV:  8    Int:  8    God:
Gold:   128        SH: 10    Dex:  9    Spells: 0 memorised, 4 levels left

rFire  . . .     SeeInvis .     a - +0 flail
rCold  . . .     Gourm    .     b - +0 scale mail
rNeg   + . .     Faith    .     c - +0 shield
rPois  ∞         Spirit   .     (no helmet)
rElec  +         Dismiss  .     (no cloak)
rCorr  .         Reflect  .     i - +0 pair of gloves
SustAt .         Harm     +     (no boots)
MR     .....                    k - amulet of harm
Stlth  ..........               h - +5 ring of strength
                                e - ring of loudness (curse)

@: mighty, not resistant to hostile enchantments, extremely unstealthy
A: negative energy resistance 1, electricity resistance, unbreathing,
petrification resistance, rot immunity, AC +4
a: no special abilities


You were on level 4 of the Dungeon.
You were very hungry.

You visited 1 branch of the dungeon, and saw 4 of its levels.

You collected 128 gold pieces.

Inventory:

Hand Weapons
 a - a +0 flail (weapon)
Armour
 b - a +0 scale mail (worn)
 c - a +0 shield (worn)
 i - a +0 pair of gloves (worn)
 q - a quicksilver dragon hide
Jewellery
 e - a cursed ring of loudness (left hand)
 h - a +5 ring of strength (right hand)
 k - an amulet of harm (around neck)
Wands
 p - a wand of slowing (26/48)
Scrolls
 m - 2 scrolls of identify
Potions
 d - a potion of might
 j - 3 potions of curing
 n - a potion of magic {unknown}
 o - a potion of haste {unknown}
Comestibles
 f - 3 bread rations
 g - a meat ration
 l - 2 fruits


   Skills:
 + Level 3.8 Fighting
 + Level 2.7 Maces & Flails
 + Level 4.1 Armour
 + Level 1.6 Dodging
 + Level 4.0 Shields


You had 4 spell levels left.
You didn't know any spells.

Dungeon Overview and Level Annotations

Branches:
Dungeon (4/15)
 Temple: D:4-7

Altars:
Fedhas
Nemelex Xobeh
Vehumet


Innate Abilities, Weirdness & Mutations

You are resistant to torment.
Your stone body is resilient (AC +4).
You are immune to poison.
You resist negative energy.
You are resistant to electric shocks.
You can survive without breathing.
You are immune to petrification.
You are immune to rotting.


Message History

You barely miss the orc priest. You block the orc priest's attack.
The orc priest casts a cantrip, but nothing happens.
The giant newt bites you but does no damage.
You block the orc priest's attack.
The orc priest looks braver for a moment.
Your shield and scale mail prevent you from hitting the giant newt.
The orc priest mumbles some strange prayers to Beogh against you.
Beogh smites you!
* * * LOW HITPOINT WARNING * * *
The orc priest casts a cantrip, but nothing happens.
You block the giant newt's attack.
Drink which item? (? for menu, Esc to quit)
It was a potion of curing.
You feel better.
The orc priest looks braver for a moment.
You block the giant newt's attack.
Drink which item? (? for menu, Esc to quit)
You feel very mighty all of a sudden.
The orc priest calls down the wrath of Beogh upon you.
Beogh smites you!
You die...

######## #.. .........
..##############....#...
#.......................
........................
.##...###......#@#
.#....+......∩.#l#
......##......(#l####.#
......##.......ooZ....#
###.##...####....o......
....##.#.# #...........
.#####.#.# #...........
.# #.### #........... .#
#.# #####.......


You could see an orc priest, 2 orcs, 2 giant newts and a jackal skeleton.

Vanquished Creatures
  Jessica (D:3)
  A hound skeleton (D:3)
  2 adders (D:3)
  5 dart slugs
  A giant gecko (D:1)
  4 orcs (D:3)
  4 bats
  5 giant cockroaches
  5 hobgoblins
  3 jackals (D:3)
  4 kobolds
  A quokka (D:3)
  3 giant newts
  3 goblins
  8 rats
50 creatures vanquished.

Notes
Turn   | Place    | Note
--------------------------------------------------------------
     0 | D:1      | grisgris the Gargoyle Fighter began the quest for the Orb.
     0 | D:1      | Reached XP level 1. HP: 14/14 MP: 1/1
   301 | D:1      | Reached XP level 2. HP: 19/19 MP: 2/2
   805 | D:2      | Reached XP level 3. HP: 22/23 MP: 3/3
   849 | D:2      | Found a radiant altar of Vehumet.
  1389 | D:3      | Found a sparkling altar of Nemelex Xobeh.
  1415 | D:3      | Reached XP level 4. HP: 29/29 MP: 4/4
  1484 | D:3      | Noticed Jessica
  1489 | D:3      | Killed Jessica
  1489 | D:3      | Reached skill level 1 in Dodging
  1606 | D:3      | Found a blossoming altar of Fedhas.
  1621 | D:3      | Reached XP level 5. HP: 32/33 MP: 5/5
  1813 | D:4      | Killed from afar by an orc priest

Skill      XL: |  1  2  3  4 |
---------------+-------------+-----
Armour         | 4 |  4.1
Dodging        | 1 |  1.6
Shields        | 4 |  4.0
Fighting       | |  3.8
Maces & Flails | |  2.7

Action                   |  1- 3 |  4- 6 || total
-------------------------+-------+-------++-------
Melee: Flail             |   142 |    43 ||   185
  Use: Scroll            |     3 |       ||     3
       Potion            |       |     2 ||     2
  Eat: Chunk             |     1 |       ||     1
       Fruit             |       |     1 ||     1
Armor: Scale mail        |    79 |    22 ||   101
Dodge: Dodged            |    51 |    12 ||    63
Block: Shield            |    83 |    24 ||   107
